Map: Cactus Valley LE

Players

Pseudorandom - Winner!

Believe

  • Race: Zerg Zerg
  • Spawn Location: 11:00

VOD

Have the link to the VOD?

Description

Time

  • Played on: March 31, 2015, 10:11 p.m.
  • Length: 10:26
Show
View Real Time Build Order
Export as new Build Order

Pseudorandom Zerg - Winner!

Build Orders: Pool First, Zergling Mutalisk 

Get SALT Encoding   

  12  0:01  Drone  
  13  0:08  Drone  
  14  0:18  Extractor  
  13  0:25  Drone  
  14  0:32  Spawning Pool  
  13  0:42  Overlord  
  13  0:48  Drone  
  14  1:00  Drone  
  14  1:01  Drone  
  16  1:07  Drone  
  17  1:15  Drone  
  18  1:19  Metabolic Boost  
  18  1:27  Queen  
  20  1:33  Zergling x2  
  20  1:37  Overlord  
  21  1:47  Drone  
  22  2:02  Drone  
  22  2:04  Hatchery  
  22  2:14  Drone  
  23  2:20  Queen  
  25  2:23  Drone  
  26  2:33  Overlord  
  26  2:38  Drone x4  
  30  3:07  Lair  
  30  3:09  Zergling x12  
  36  3:20  Drone x2  
  36  3:26  Drone  
  38  3:31  Drone, Extractor  
  38  3:35  Spine Crawler  
  38  3:36  Drone  
  38  3:43  Drone x2  
  40  3:49  Drone  
  41  4:00  Overlord x2  
  41  4:01  Drone x3  
  43  4:16  Drone x2  
  41  4:18  Zergling x4  
  41  4:19  Extractor x2, Zergling x4  
  41  4:21  Spire  
  41  4:24  Spine Crawler, Zergling x4  
  41  4:27  Drone  
  41  4:28  Drone  
  44  4:33  Drone  
  44  4:35  Drone x2  
  44  4:37  Drone  
  48  4:39  Drone  
  48  4:44  Drone x2  
  51  4:47  Drone  
  52  4:54  Drone x2  
  50  5:09  Drone x4  
  53  5:18  Drone x2  
  53  5:19  Overlord  
  53  5:20  Overlord  
  54  5:23  Hatchery  
  53  5:33  Mutalisk x2  
  53  5:34  Mutalisk  
  59  5:37  Mutalisk x2  
  59  5:42  Mutalisk x2  
  64  5:43  Mutalisk  
  64  5:47  Overlord x2  
  70  6:04  Hatchery  
  69  6:08  Zerg Flyer Weapons Level 1  
  69  6:11  Mutalisk  
  69  6:12  Mutalisk  
  69  6:16  Mutalisk  
  75  6:20  Evolution Chamber  
  75  6:21  Extractor  
  75  6:23  Overlord, Extractor  
  75  6:24  Mutalisk  
  74  6:33  Overlord x2  
  74  6:34  Zergling x4  
  76  6:42  Drone x2  
  78  6:52  Mutalisk x3  
  82  7:02  Mutalisk  
  82  7:06  Zergling x12  
  90  7:09  Zerg Melee Weapons Level 1  
  90  7:11  Drone  
  91  7:21  Mutalisk  
  93  7:23  Drone x2  
  93  7:25  Drone  
  93  7:27  Drone  
  97  7:33  Mutalisk  
  97  7:34  Hatchery  
  98  7:38  Overlord x2  
  98  7:43  Zergling x12  
  98  7:44  Zergling x4  
  106  7:52  Overlord x2  
  106  7:56  Queen  
  106  7:58  Mutalisk  
  108  8:04  Zerg Flyer Weapons Level 2  
  108  8:13  Drone x2, Mutalisk x2  
  114  8:22  Mutalisk x3  
  118  8:30  Mutalisk x2  
  118  8:32  Drone x2  
  124  8:54  Drone x3  
  115  8:58  Overseer  
  115  9:00  Overseer  
  107  9:12  Mutalisk x4  
  107  9:14  Drone x5  
  117  9:27  Spore Crawler, Spine Crawler  
  117  9:28  Drone x3  
  117  9:29  Drone  
  117  9:30  Drone x2  
  119  9:31  Spine Crawler  
  118  9:39  Infestation Pit  
  118  9:43  Drone x3  
  120  9:49  Drone x3  
  120  9:51  Drone x2  
Show
View Real Time Build Order
Export as new Build Order

Believe Zerg 

Build Orders: Hatch First, Roach Hydra Ravager, Ravager Aggression 

Get SALT Encoding   

  12  0:08  Overlord  
  12  0:14  Drone  
  13  0:24  Drone  
  13  0:28  Drone  
  15  0:46  Hatchery  
  15  0:50  Drone  
  15  0:54  Drone  
  16  1:04  Extractor  
  15  1:10  Spawning Pool  
  14  1:14  Drone  
  15  1:19  Drone  
  15  1:22  Drone  
  17  1:27  Drone  
  18  1:37  Overlord  
  18  1:48  Drone  
  19  1:57  Queen  
  19  2:00  Queen  
  23  2:09  Drone  
  23  2:10  Drone  
  23  2:11  Drone  
  26  2:20  Zergling x6  
  29  2:28  Baneling Nest  
  28  2:33  Drone x2  
  30  2:43  Drone x2  
  32  2:55  Spine Crawler  
  30  2:58  Zergling x4  
  32  3:12  Drone  
  33  3:13  Drone x2  
  33  3:14  Overlord x2  
  35  3:21  Burrow  
  35  3:24  Roach Warren  
  35  3:26  Drone  
  35  3:27  Extractor  
  33  3:34  Zergling x4  
  33  3:35  Zergling x2  
  36  3:52  Baneling x4  
  36  3:53  Baneling x4  
  34  4:03  Roach x3  
  34  4:04  Roach  
  34  4:05  Overlord  
  39  4:34  Drone x2  
  39  4:35  Drone x4  
  45  4:42  Ravager  
  46  4:51  Ravager  
  47  4:53  Drone x5  
  47  4:55  Extractor  
  51  5:19  Ravager x2  
  52  5:24  Drone x7  
  52  5:27  Extractor  
  58  5:32  Hatchery  
  57  5:48  Roach  
  57  5:49  Overlord x2  
  59  5:50  Overlord  
  59  5:56  Evolution Chamber, Drone  
  59  6:07  Spore Crawler x2  
  59  6:08  Spore Crawler  
  56  6:12  Spore Crawler  
  56  6:13  Spore Crawler, Ravager  
  55  6:27  Lair  
  55  6:29  Drone x4  
  55  6:30  Drone x3  
  62  6:40  Spore Crawler  
  55  7:05  Roach x6  
  67  7:18  Drone  
  67  7:19  Drone x4  
  65  7:38  Hydralisk Den  
  65  7:40  Spore Crawler, Glial Reconstitution  
  63  7:52  Queen  
  65  8:07  Hydralisk  
  65  8:09  Overlord x3  
  65  8:10  Overlord x2  
  65  8:11  Muscular Augments  
  67  8:18  Spore Crawler  
  66  8:25  Roach x3  
  66  8:27  Roach x3  
  66  8:34  Spore Crawler, Roach x3  
  65  8:37  Hydralisk x8  
  79  8:44  Roach x3  
  79  8:47  Roach x3  
  77  8:56  Hydralisk x7  
  91  9:03  Roach  
  89  9:13  Overlord x3  
  89  9:16  Queen  
  81  9:28  Roach  
  81  9:30  Infestation Pit  
  82  9:33  Roach x4  
  90  9:54  Ravager x2  
  90  9:55  Ravager x3  
Tags
 
Add a new tag
Caveats
  • Supply blocks, unpowered buildings, or Contaminate may cause inaccurate times.
  • Supply counts are checked every 10 seconds.